 Dungeon Crawl Stone Soup version 0.28-a0-802-g09f76e8c00 (webtiles) character file.

Game seed: 9981723343784691944

44 bande the Shield-Bearer (level 3, 23/23 HPs)
             Began as a Gargoyle Fighter on Nov 7, 2021.
             Quit the game on level 2 of the Dungeon.
             The game lasted 00:02:44 (1453 turns).

bande the Shield-Bearer (Gargoyle Fighter)          Turns: 1453, Time: 00:02:45

Health: 23/23      AC: 12    Str: 20    XL:     3   Next: 62%
Magic:  3/3        EV:  9    Int:  8    God:
Gold:   82         SH:  4    Dex:  9    Spells: 2/2 levels left

rFire   . . .      SeeInvis .   a - +1 war axe
rCold   . . .      Faith    .   c - +0 buckler
rNeg    + . .      Spirit   .   b - +0 scale mail
rPois   ∞          Reflect  .   (no helmet)
rElec   +          Harm     .   (no cloak)
rCorr   .          Rampage  .   e - +1 pair of gloves
Will    .....                   (no boots)
Stlth   ..........              (no amulet)
HPRegen 0.07/turn               (no ring)
MPRegen 0.08/turn               (no ring)

@: no status effects
A: sickness immunity, AC +3, negative energy resistance 1, electricity
resistance, torment resistance 1, petrification resistance, no potion heal 1
a: no special abilities


You were on level 2 of the Dungeon.
You visited 1 branch of the dungeon, and saw 2 of its levels.

You collected 82 gold pieces.

Inventory:

Hand Weapons
 a - a +1 war axe (weapon)
Armour
 b - a +0 scale mail (worn)
 c - a +0 buckler (worn)
 e - a +1 pair of gloves (worn)
Potions
 d - 2 potions of might
 g - a potion of flight {unknown}
 h - a potion of ambrosia {unknown}
 i - a potion of lignification {unknown}
 m - a potion of heal wounds {unknown}


   Skills:
 + Level 3.4 Fighting
 + Level 2.6 Axes
 + Level 3.5 Armour
 + Level 3.9 Shields


You had 2 spell levels left.
You didn't know any spells.
Your spell library contained the following spells:

 Spells                   Type           Power      Damage    Failure   Level
 Gell's Gravitas          Tloc           0%         N/A       98%         3
 Lesser Beckoning         Tloc           0%         N/A       98%         3
 Teleport Other           Tloc           0%         N/A       98%         3


Dungeon Overview and Level Annotations

Branches:
Dungeon (2/15)

Altars:
Qazlal

Shops:
D:1 ([?(*


Innate Abilities, Weirdness & Mutations

You are immune to sickness and miasma.
Your stone body is resilient. (AC +3)
You are immune to poison.
You resist negative energy. (rN+)
You are resistant to electric shocks. (rElec)
You are resistant to unholy torment.
You are immune to petrification.
Potions are less effective at restoring your health.


Message History

You closely miss the bat.
You block the bat's attack. x3; The bat misses you.
You closely miss the bat. The bat hits you but does no damage.
The bat closely misses you. The bat hits you but does no damage.
You slash the bat!
You kill the bat!
You miss the bat. The bat hits you but does no damage. x2
You miss the bat. You block the bat's attack.
You closely miss the bat. The bat barely misses you. x2
You barely miss the bat. You block the bat's attack.
You closely miss the bat. The bat barely misses you.
You slash the bat!
You kill the bat!
No target in view!
No target in view!
No target in view!
No target in view!
No target in view!
No target in view!
You now have 73 gold pieces (gained 1).
There is a stone staircase leading down here.
You see here a bat corpse.
You now have 82 gold pieces (gained 9).
Found 17 arrows.
l - a scroll labelled UFFAZX DAIDE
m - a blue potion No target in view!
No target in view!
As you read the scroll labelled MUFEXZUSA, it crumbles to dust.
It is a scroll of identify.
f - a potion of mutation
As you read the scroll labelled KEUN TULISM, it crumbles to dust.
It is a scroll of enchant armour.
Your +0 pair of gloves glows green for a moment.
As you read the scroll labelled UFFAZX DAIDE, it crumbles to dust.
It is a scroll of enchant weapon.
Your +0 war axe glows red for a moment.
Really quaff the potion of mutation?
You feel extremely strange.
Your system partially rejects the healing effects of potions.
Are you sure you want to abandon this character and quit the game? (Confirm with "yes".)

*** **,* *,,*****
*,*,,,,*
**,,,**,*#######
*,,,***,*#....@#
*,,*###,*#.....#
***,,*#...##.....#
,,,,,,...........#
*,,,,**.#.##.....#
*,,,,**,#.##.....#
,,,*,##,#.##..(..#
,,,*,#.,#.##.#####
.#*#,#.*#.##.#


There were no monsters in sight!

Vanquished Creatures
  A dart slug (D:2)
  7 bats
  5 endoplasms
  3 giant cockroaches
  4 goblins
  7 hobgoblins
  A quokka (D:1)
  3 ball pythons
  2 frilled lizards (D:1)
  A kobold (D:2)
  4 rats
38 creatures vanquished.

Notes
Turn   | Place    | Note
-------+----------+-------------------------------------------
     0 | D:1      | bande the Gargoyle Fighter began the quest for the Orb.
     0 | D:1      | Reached XP level 1. HP: 14/14 MP: 1/1
   204 | D:1      | Reached XP level 2. HP: 19/19 MP: 2/2
   422 | D:1      | Found Dosu's Magic Scroll Shop.
   424 | D:1      | Found Feummiz's Weapon Boutique.
   425 | D:1      | Found Ohissegy's Antique Weapon Shoppe.
   522 | D:1      | Found Joipam's Antique Armour Shop.
   754 | D:1      | Found Jiaruyse's General Store.
   763 | D:1      | Reached XP level 3. HP: 23/23 MP: 3/3
  1181 | D:2      | Found a stormy altar of Qazlal.
  1452 | D:2      | Gained mutation: Potions are less effective at restoring
                  | your health. [potion of mutation]
  1453 | D:2      | Quit the game

Illustrated notes

Levels and vault maps discovered:
D:1:      minmay_arrival_shattered_statue, layout_basic, serial_shops, shop,
          nicolae_shop_waterfront, shop, shop, nicolae_shop_trees, st_stairs_3
D:2:      layout_rooms, basic_altar

Skill      XL: |  1  2 |
---------------+-------+-----
Axes           | 2 |  2.6
Fighting       | |  3.4
Armour         | |  3.5
Shields        | |  3.9

Action                   || total
-------------------------++-------
Melee: War axe           ||   103
  Use: Scroll            ||     5
       Potion            ||     1
Armor: Scale mail        ||    72
Dodge: Dodged            ||    70
Block: Buckler           ||    35

Table legend: (Time is in decaauts)
 A = Elapsed time spent in this place.
 B = Non-inter-level travel time spent in this place.
 C = Inter-level travel time spent in this place.
 D = Time resting spent in this place.
 E = Time spent auto-exploring this place.
 F = Levels seen in this place.
 G = Mean time per level.
                   A        B        C        D        E       F      G
               +--------+--------+--------+--------+--------+-----+--------+
         Total |   1494 |   1423 |     71 |    200 |    962 |   2 |  747.0 |
       Dungeon |   1494 |   1423 |     71 |    200 |    962 |   2 |  747.0 |
               +--------+--------+--------+--------+--------+-----+--------+

Top non-repeatable levels by time:
     D:1: 1202 daAuts
     D:2: 292 daAuts
